AoeStats
← HR nomadplayer

Arabia

507395300Analyzed
4v4 RM · 13d ago on Sep 18, 2026· 27m 28s· 8 players
Game mode
Random Map
Map size
Large (8 player)
Population
200
Speed
Normal
Resources
Standard
Victory
Conquest
Starting age
Dark Age
Ending age
Imperial Age
RankedLock teamsTeams togetherTeam positionsShared explorationLock speedFull tech treeHidden civsTurbo modeCheats
Victory
Defeat
🇨🇱 Shu · Chile
2008
+2
🇨🇱 Magyars · Chile
1839
+4
🇨🇱 Ethiopians · Chile
1829
+5
🇨🇱 Persians · Chile
1761
+6
🇧🇷 Ethiopians · Brazil
1603
-6
🇧🇷 Shu · Brazil
1561
-5
🇧🇷 Franks · Brazil
1490
-3
🇧🇷 Persians · Brazil
1449
-3
[CL] FelipeBesitosRicos
0:31 Loom
6:05 Loom
9:22 Feudal Age
9:56 Double-Bit Axe
12:54 Fletching
22:25 Castle Age
20:51 Padded Archer Armor
20:45 Horse Collar
21:22 Gold Mining
23:03 Bodkin Arrow
22:35 Crossbowman
23:40 Bow Saw
25:00 Ballistics
26:17 Wheelbarrow
27:06 Thumb Ring
HR nomadplayer
6:22 Loom
8:47 Feudal Age
12:02 Fletching
21:31 Castle Age
21:16 Gold Mining
21:12 Double-Bit Axe
21:31 Crossbowman
22:23 Bodkin Arrow
24:25 Ballistics
25:49 Padded Archer Armor
watoncito
6:09 Loom
8:47 Feudal Age
9:32 Double-Bit Axe
15:48 Scale Barding Armor
18:47 Wheelbarrow
20:17 Gold Mining
22:44 Castle Age
21:41 Bloodlines
24:20 Bow Saw
24:32 Chain Barding Armor
25:05 Gold Shaft Mining
24:19 Horse Collar
25:02 Husbandry
[CL] castiii
5:28 Loom
8:37 Feudal Age
9:03 Double-Bit Axe
9:01 Horse Collar
15:47 Scale Barding Armor
20:23 Castle Age
18:46 Gold Mining
19:12 Bloodlines
21:24 Chain Barding Armor
21:55 Bow Saw
22:40 Husbandry
25:23 Wheelbarrow
25:51 Town Watch
26:44 Hand Cart
GAX | Ry4n
6:30 Loom
9:15 Feudal Age
9:44 Double-Bit Axe
14:44 Fletching
18:47 Horse Collar
23:04 Castle Age
22:32 Padded Archer Armor
23:04 Crossbowman
23:41 Bodkin Arrow
25:30 Ballistics
NJ
6:09 Loom
9:02 Feudal Age
9:57 Double-Bit Axe
16:46 Fletching
24:44 Castle Age
23:40 Padded Archer Armor
25:22 Bodkin Arrow
24:48 Crossbowman
PaTo_Noel
6:37 Loom
9:23 Feudal Age
9:55 Double-Bit Axe
22:19 Castle Age
21:19 Gold Mining
22:00 Scale Barding Armor
23:22 Chain Barding Armor
22:47 Light Cavalry
rick rush
5:33 Loom
8:07 Feudal Age
14:34 Forging
17:33 Scale Barding Armor
17:31 Double-Bit Axe
21:04 Bloodlines
24:19 Castle Age
22:17 Horse Collar
25:21 Iron Casting
25:06 Chain Barding Armor
Connection lost

Rejoining the realm…

Still unreachable

The connection could not be restored.

Session expired

The server has moved on; the page needs a fresh start.